 Dungeon Crawl Stone Soup version 0.27.1-2-g3b301248ec (webtiles) character file.

Game seed: 14295626491188739753

22 MisterFreud the Ducker (level 2, 0/34 HPs)
             Began as a Gnoll Wanderer on Sept 27, 2021.
             Was an Initiate of Ru.
             Frozen to death by an endoplasm (2 damage)
             ... on level 1 of the Dungeon.
             The game lasted 00:01:27 (1406 turns).

MisterFreud the Ducker (Gnoll Wanderer)             Turns: 1406, Time: 00:01:28

Health: 0/34       AC: 21    Str:  8    XL:     2   Next: 91%
Magic:  5/5        EV:  2    Int: 11    God:    Ru [......]
Gold:   20         SH:  0    Dex: 12    Spells: 6/6 levels left

rFire    . . .     SeeInvis .   a - +0 dagger
rCold    . . .     Faith    .   (no shield)
rNeg     + + +     Spirit   .   (armour currently unavailable)
rPois    +         Reflect  .   (helmet currently unavailable)
rElec    .         Harm     .   (cloak currently unavailable)
rCorr    .         Rampage  .   (gloves currently unavailable)
Will     .....     NoTele   +   (boots currently unavailable)
Stlth    ++........             (no amulet)
HPRegen  0.11/turn              (no ring)
MPRegen  0.09/turn              (no ring)

@: tree-form
A: stationary, stasis, torment immunity, boosted hp, (fangs 1), weak 1, strong
nose, distributed training
a: Renounce Religion


You were on level 1 of the Dungeon.
You worshipped Ru.
Ru was noncommittal.
You were a tree.
You visited 1 branch of the dungeon, and saw 1 of its levels.

You collected 20 gold pieces.

Inventory:

Hand Weapons
 a - a +0 dagger (weapon)
Armour
 c - a +0 robe (melded)
Wands
 d - a wand of charming (15) (quivered)
Scrolls
 e - a scroll of identify {unknown}
Potions
 b - a potion of lignification


   Skills:
 + Level 2.5 Fighting
 + Level 0.5 Short Blades
 + Level 0.5 Long Blades
 + Level 0.5 Axes
 + Level 0.5 Maces & Flails
 + Level 0.5 Polearms
 + Level 0.5 Staves
 + Level 0.5 Slings
 + Level 0.5 Bows
 + Level 0.5 Crossbows
 + Level 0.5 Throwing
 + Level 0.5 Armour
 + Level 4.5 Dodging
 + Level 2.3 Stealth
 + Level 2.5 Shields
 + Level 2.5 Unarmed Combat
 + Level 2.7 Spellcasting
 + Level 0.4 Conjurations
 + Level 0.4 Hexes
 + Level 0.4 Summonings
 + Level 0.4 Necromancy
 + Level 0.4 Translocations
 + Level 3.7 Transmutations
 + Level 0.4 Fire Magic
 + Level 0.4 Ice Magic
 + Level 0.4 Air Magic
 + Level 0.4 Earth Magic
 + Level 0.4 Poison Magic
 + Level 0.7 Invocations
 + Level 2.5 Evocations


You had 6 spell levels left.
You didn't know any spells.
Your spell library was empty.

Dungeon Overview and Level Annotations

Branches:
Dungeon (1/15)

Altars:
Ru


Innate Abilities, Weirdness & Mutations

You are a tree.
Your roots penetrate the ground, keeping you stationary.
You cannot be teleported.
You are immune to unholy pain and torment.
Your maximum health is greatly increased.
Your equipment is partially melded.
((You have very sharp teeth.))
You are weak. (Str -2)
Your uncanny sense of smell can sniff out nearby items.
Your experience applies equally to all skills.


Message History

The endoplasm freezes you.
You are frozen.
You are too injured to fight recklessly!
You barely miss the endoplasm.
The endoplasm is heavily wounded.
The endoplasm hits you.
* * * LOW HITPOINT WARNING * * *
You barely miss the endoplasm.
The jackal barks!
Your bite misses the endoplasm.
The endoplasm is heavily wounded.
The endoplasm hits you.
* * * LOW HITPOINT WARNING * * *
You are too injured to fight recklessly!
You hit the endoplasm but do no damage.
The endoplasm is heavily wounded.
The jackal closely misses you. The endoplasm barely misses you.
Really quaff the potion of lignification?
You turn into a tree.
Your +0 robe melds into your body.
Your roots penetrate the ground.
The jackal bites you but does no damage.
The jackal bites you.
* * * LOW HITPOINT WARNING * * *
The endoplasm hits you but does no damage.
You hit the endoplasm but do no damage.
The endoplasm is heavily wounded.
The jackal completely misses you. The endoplasm freezes you.
You are frozen.
* * * LOW HITPOINT WARNING * * *
You hit the endoplasm but do no damage.
The endoplasm is heavily wounded.
The jackal bites you but does no damage.
The kobold shouts!
You hit the endoplasm but do no damage.
The endoplasm is heavily wounded.
The jackal completely misses you. The endoplasm freezes you.
You are frozen.
You die...

#### #.. #### #.# ...#
###K####### ##.#
#....h♣J..# #.#
#.#.#####.# ##.# #.#.#
...# #.#.#
#..########.#.#
............#.# .#
#..##########.#####.###
#..# ##......... .....
...###...####.# #..#


You could see an endoplasm, a jackal and a kobold.

Vanquished Creatures
  An endoplasm (D:1)
  3 giant cockroaches (D:1)
  A goblin (D:1)
  A hobgoblin (D:1)
  5 jackals (D:1)
  A kobold (D:1)
  3 ball pythons (D:1)
  A bat (D:1)
  A frilled lizard (D:1)
  3 rats (D:1)
20 creatures vanquished.

Notes
Turn   | Place    | Note
-------+----------+-------------------------------------------
     0 | D:1      | MisterFreud the Gnoll Wanderer began the quest for the Orb.
     0 | D:1      | MisterFreud set off with the following items: a +0 dagger,
                  | 2 potions of lignification, a +0 robe, a wand of charming
                  | (15)
     0 | D:1      | Reached XP level 1. HP: 17/17 MP: 4/4
   467 | D:1      | Found a faded altar of an unknown god.
   484 | D:1      | Reached XP level 2. HP: 23/23 MP: 5/5
   487 | D:1      | Became a worshipper of Ru the Awakened
   505 | D:1      | Gained mutation: You are weak. (Str -2) [Ru sacrifice]
  1406 | D:1      | Frozen to death by an endoplasm

Illustrated notes

Levels and vault maps discovered:
D:1:      elethiomel_arrival_quiet, layout_loops_ring,
          hellmonk_ecumenical_altar_crossroads

Action                   || total
-------------------------++-------
Melee: Dagger            ||   129
       Bite              ||     8
       Punch             ||     1
Invok: Sacrifice Purity  ||     1
  Use: Potion            ||     1
 Stab: Sleeping          ||     2
Armor: Robe              ||    27
       Skin              ||     3
Dodge: Dodged            ||   109
